 Dungeon Crawl Stone Soup version 0.29-a0-477-g62b78b4225 (webtiles) character file.

Game seed: 10718871314067539350

11897 siradein the Grappler (level 11, -6/110 HPs)
             Began as a Troll Fighter on May 25, 2022.
             Was a Priest of Makhleb.
             Hit by a silver javelin thrown by a minotaur (21 damage)
             ... in a Gauntlet.
             The game lasted 00:31:16 (10578 turns).

siradein the Grappler (Troll Fighter)              Turns: 10578, Time: 00:31:16

Health: -6/110     AC:  4    Str: 33    XL:     11   Next: 55%
Magic:  14/14      EV: 11    Int: 16    God:    Makhleb [***...]
Gold:   758        SH: 10    Dex: 12    Spells: 10/10 levels left

rFire   x . .      SeeInvis +     - Unarmed
rCold   + . .      Faith    +   b - +0 kite shield
rNeg    . . .      Spirit   .   r - +2 robe of Subjectivity {*Corrode +Inv Int+5 Dex+3}
rPois   .          Reflect  .   (helmet restricted)
rElec   .          Harm     .   f - +1 cloak {rCorr}
rCorr   +          Rampage  .   (gloves unavailable)
Will    .....      NoTele   +   (boots unavailable)
Stlth   +.........              i - amulet of faith
HPRegen 1.08/turn               V - ring of Midsummer {rF- rC+ Int+3 Slay+3 SInv}
MPRegen 0.14/turn               X - ring of Pysorut {Fly Str+3 Int+4}

@: corroded, flying
A: large, unfitting armour, claws 3, regeneration 1, shaggy fur 1, tough skin 1
a: Renounce Religion, Evoke Invisibility, Minor Destruction, Lesser Servant of
Makhleb


You were in a Gauntlet.
You worshipped Makhleb.
Makhleb was most pleased with you.
You visited 1 branch of the dungeon, and saw 11 of its levels.
You also visited: Sewer and Gauntlet.

You collected 758 gold pieces.

Inventory:

Hand Weapons
 G - the +10 whip of Putrescence {freeze, Fly Will+++ Str-4 Dex-5}
   (You found it on level 7 of the Dungeon)

   It freezes those it strikes, dealing additional cold damage.
   It can also slow down cold-blooded creatures.
   Str:       It affects your strength (-4).
   Dex:       It affects your dexterity (-5).
   Fly:       It grants you flight.
   Will:      It greatly increases your willpower.
 W - the +6 scimitar of Kairahoz {vamp, rF- rN+ Int+2}
   (You found it in a Gauntlet)

   It occasionally heals its wielder for a portion of the damage dealt when it
   wounds a living foe.
   Int:       It affects your intelligence (+2).
   rF:        It makes you vulnerable to fire.
   rN:        It protects you from negative energy.
Missiles
 m - 343 stones
 E - 34 poisoned darts
 F - 8 boomerangs
 P - a throwing net
 Q - 7 curare-tipped darts
Armour
 b - a +0 kite shield (worn)
 f - a +1 cloak of preservation (worn)
 r - the +2 robe of Subjectivity (worn) {*Corrode +Inv Int+5 Dex+3}
   (You found it on level 4 of the Dungeon)

   Int:       It affects your intelligence (+5).
   Dex:       It affects your dexterity (+3).
   +Inv:      It lets you turn invisible.
   *Corrode:  It may corrode you when you take damage.
Jewellery
 i - an amulet of faith (around neck)
 p - a ring of willpower
 s - a ring of protection from fire
 t - a ring of willpower
 K - a ring of poison resistance
 N - a ring of willpower
 T - a ring of protection from fire
 V - the ring of Midsummer (left claw) {rF- rC+ Int+3 Slay+3 SInv}
   (You found it in a Gauntlet)

   [ring of see invisible]

   Int:       It affects your intelligence (+3).
   Slay:      It affects your accuracy & damage with ranged weapons and melee
   (+3).
   rF:        It makes you vulnerable to fire.
   rC:        It protects you from cold.
   SInv:      It lets you see invisible.
 X - the ring of Pysorut (right claw) {Fly Str+3 Int+4}
   (You found it in a Gauntlet)

   [ring of flight]

   Str:       It affects your strength (+3).
   Int:       It affects your intelligence (+4).
   Fly:       It grants you flight.
Wands
 z - a wand of flame (7)
 L - a wand of iceblast (14)
 R - a wand of acid (4)
Scrolls
 a - 4 scrolls of immolation
 d - 5 scrolls of teleportation
 g - 2 scrolls of magic mapping
 h - 2 scrolls of fear {unknown}
 j - a scroll of brand weapon {unknown}
 o - 2 scrolls of poison {unknown}
 y - 3 scrolls of enchant weapon
 A - a scroll of amnesia {unknown}
 C - a scroll of torment
 J - 4 scrolls of fog {unknown}
 S - a scroll of blinking {unknown}
 U - a scroll of summoning {unknown}
Potions
 c - a potion of might
 e - 2 potions of cancellation
 k - 7 potions of mutation {unknown}
 l - 2 potions of ambrosia
 n - 2 potions of resistance
 q - 4 potions of invisibility {unknown}
 u - 4 potions of brilliance
 v - a potion of haste {unknown}
 w - 3 potions of heal wounds
 x - 2 potions of curing
 D - a potion of flight {unknown}
 H - 2 potions of berserk rage {unknown}
 I - 4 potions of degeneration {unknown}
 M - a potion of magic {unknown}
 O - a potion of lignification {unknown}
Miscellaneous
 B - a box of beasts (inert)


   Skills:
 + Level 7.7 Fighting
 + Level 7.8 Dodging
 + Level 8.5 Shields
 + Level 9.0 Unarmed Combat
 + Level 5.8 Invocations


You had 10 spell levels left.
You didn't know any spells.
Your spell library contained the following spells:

 Spells                   Type           Power      Damage    Failure   Level
 Apportation              Tloc           0%         N/A       43%         1
 Necrotize                Necr           0%         1d4       43%         1
 Slow                     Hex            0%         N/A       43%         1
 Summon Small Mammal      Summ           0%         N/A       43%         1
 Confusing Touch          Hex            0%         N/A       82%         3
 Vampiric Draining        Necr           0%         2d6       82%         3
 Animate Dead             Necr           0%         N/A       99%         4
 Iskenderun's Battlesphe  Conj           0%         2d6       100%        5
 Iron Shot                Conj/Erth      0%         9d1       100%        6
 Haunt                    Necr/Summ      0%         N/A       100%        7
 Spellforged Servitor     Conj/Summ      0%         N/A       100%        7
 Infestation              Necr           0%         N/A       100%        8


Dungeon Overview and Level Annotations

Branches:
Dungeon (11/15)            Temple (0/1) D:7            Lair (0/6) D:9
  Sewer (visited)         Gauntlet (1/1)
    Orc: D:9-12

Altars:
Ashenzari
Cheibriados
Fedhas
Makhleb
Nemelex Xobeh
Sif Muna
Trog
Uskayaw
Wu Jian
The Shining One

Shops:
D:5 *=   D:11 =

Annotations:
D:6 3 runed translucent doors, Gelos's ghost, novice GnWn
D:9 2 transporters Gauntlet 6 transporters, 1 runed translucent door, exclusion: ice statue


Innate Abilities, Weirdness & Mutations

You are too large for most types of armour.
You have claws for hands.
Your natural rate of healing is unusually fast.
You are covered in fur. (AC +1)
You have tough skin. (AC +1)


Message History

Your ufetubus disappears in a puff of smoke! x2
A demon appears!
Your ynoxinul gestures at the minotaur.
The minotaur blocks the iron shot.
You barely miss the minotaur.
The minotaur furiously retaliates!
The minotaur headbutts you.
Your corrosive artefact corrodes you!
You block the minotaur's attack. The minotaur gores you!
* * * LOW HITPOINT WARNING * * *
Unknown command.
Unknown command.
Unknown command.
Unknown command.
Okay, then.
Okay, then.
Okay, then.
Unknown command.
You open the lid... ...and a larval batfire beast flies out!
The box is emptied!
The minotaur barely misses you.
The minotaur hits your ynoxinul with a +2 war axe of electrocution!
You block the minotaur's attack.
You swap places.
Your larval batfire beast breathes flames at the minotaur.
The blast of flame hits the minotaur!
The minotaur is burned terribly!
Your ynoxinul gestures at the minotaur.
The minotaur blocks the iron shot.
The minotaur throws a silver javelin.
The silver javelin pierces through you!
* * * LOW HITPOINT WARNING * * *
x2 The minotaur blocks your ynoxinul's attack.
Your larval batfire beast hits the minotaur.
The minotaur throws a silver javelin.
The silver javelin closely misses your larval batfire beast.
The silver javelin pierces through you.
* * * LOW HITPOINT WARNING * * *
x2 The minotaur blocks your ynoxinul's attack.
Your larval batfire beast breathes flames at the minotaur.
The blast of flame hits the minotaur but does no damage.
The minotaur throws a silver javelin.
The silver javelin pierces through you!!
You die...

...........##
...........§#
#########..##
#.......#..≈#
#.#'###.#..######
#.#..≈#.#..≈##..###
#.#.©≈#©#..###....
#.#..≈#.#..≈##..###.##.#
#.#+###.#..###..@......8
#.......#..#....#.#.....
#########..#©...#.# ###
.........∩.#....#..
...........#..HH###.
#########..#©.3.# .#
......xX#..#....# #
.##.##xx#..###..#
##...##x#..≈##...


You could see a minotaur (ally target), a friendly larval batfire beast
(summoned, catching breath) and a friendly ynoxinul (summoned).

Vanquished Creatures
  A green death (Gauntlet)
  3 two-headed ogres
  A necromancer (Gauntlet)
  An elephant (D:9)
  Joseph (D:7)
  A gargoyle (D:11)
  A komodo dragon (D:9)
  A polar bear (shapeshifter) (Gauntlet)
  Grinder (D:5)
  A hornet (D:6)
  A slime creature (shapeshifter) (Gauntlet)
  Sigmund (D:4)
  A vampire (D:11)
  A wyvern (D:9)
  Eustachio (D:4)
  A basilisk (D:9)
  15 yaks
  A steam dragon (D:8)
  A water moccasin (D:7)
  An ice beast (D:7)
  3 orc warriors
  3 black bears
  2 ogres
  3 wolves (Gauntlet)
  A centaur (D:9)
  2 phantoms
  3 kobold brigands
  6 bullfrogs
  2 scorpions
  3 necrophages
  15 killer bees
  A jelly (D:4)
  Crazy Yiuf (D:3)
  2 gnoll shamans
  3 orc priests
  A hound (D:6)
  Jessica (D:2)
  4 iguanas
  17 orc wizards
  7 gnolls
  14 adders
  A shadow imp (D:8)
  An ufetubus (D:5)
  3 worms
  2 dart slugs
  35 orcs
  13 ball pythons
  4 endoplasms
  18 giant cockroaches
  5 goblins
  9 hobgoblins
  8 jackals (D:5)
  6 quokkas (Sewer)
  6 bats
  7 frilled lizards
  A goblin skeleton (D:8)
  A goblin zombie (D:8)
  A hobgoblin zombie (D:8)
  25 kobolds
  A kobold skeleton (D:8)
  A kobold zombie (D:8)
  An orc skeleton (D:8)
  3 rats
282 creatures vanquished.

Vanquished Creatures (others)
  A fungus (D:9)
  A plant (Gauntlet)
2 creatures vanquished.

Grand Total: 284 creatures vanquished

Notes
Turn   | Place    | Note
-------+----------+-------------------------------------------
     0 | D:1      | siradein the Troll Fighter began the quest for the Orb.
     0 | D:1      | Reached XP level 1. HP: 22/22 MP: 0/0
   113 | D:1      | Reached XP level 2. HP: 29/29 MP: 1/1
  1043 | D:2      | Reached XP level 3. HP: 36/36 MP: 2/2
  1061 | D:2      | Noticed Jessica
  1064 | D:2      | Killed Jessica
  1101 | D:2      | Reached XP level 4. HP: 44/44 MP: 3/3
  1118 | D:2      | Found a faded altar of an unknown god.
  1439 | D:2      | You fall into a shaft and drop 2 floors!
  1471 | D:4      | Identified the +2 robe of Subjectivity {*Corrode +Inv Int+5
                  | Dex+3}
  1566 | D:3      | Noticed a phantom
  1572 | D:3      | Killed a phantom
  1573 | D:3      | Reached skill level 3 in Unarmed Combat
  1573 | D:3      | Reached XP level 5. HP: 53/53 MP: 4/4
  1978 | D:3      | Found a runed translucent door.
  1979 | D:3      | Noticed Crazy Yiuf
  2079 | D:3      | Killed Crazy Yiuf
  2149 | D:4      | Found a snail-covered altar of Cheibriados.
  2165 | D:4      | Noticed a black bear
  2175 | D:4      | Killed a black bear
  2176 | D:4      | Reached XP level 6. HP: 61/61 MP: 5/5
  2270 | D:4      | Noticed Eustachio
  2289 | D:4      | Killed Eustachio
  2290 | D:4      | Reached skill level 4 in Unarmed Combat
  2368 | D:4      | Reached XP level 7. HP: 53/68 MP: 6/6
  2591 | D:4      | Found a shimmering blue altar of Sif Muna.
  2683 | D:5      | Entered Level 5 of the Dungeon
  2743 | D:5      | Found a glowing drain.
  2820 | D:5      | Found Saegi's Jewellery Emporium.
  2854 | D:5      | Noticed Grinder
  2867 | Sewer    | Entered a sewer
  3408 | D:5      | Paralysed by Grinder for 3 turns
  3417 | D:5      | Killed Grinder
  3418 | D:5      | Reached skill level 5 in Shields
  3418 | D:5      | Reached skill level 5 in Unarmed Combat
  3418 | D:5      | Reached XP level 8. HP: 79/79 MP: 7/7
  3575 | D:5      | Found Jeis's Fire Supplies.
  3886 | D:6      | Found a hide-covered altar of Uskayaw.
  3933 | D:6      | Reached skill level 5 in Dodging
  3955 | D:6      | Reached skill level 5 in Fighting
  4021 | D:6      | Found a blossoming altar of Fedhas.
  4070 | D:6      | Noticed a hornet
  4082 | D:6      | Killed a hornet
  4226 | D:6      | Reached skill level 6 in Unarmed Combat
  4272 | D:6      | Found a burning altar of Makhleb.
  4272 | D:6      | Found an ornate altar of the Wu Jian Council.
  4292 | D:6      | Became a worshipper of Makhleb the Destroyer
  4316 | D:6      | Found a runed translucent gate.
  4316 | D:6      | Found a runed translucent gate.
  4316 | D:6      | Found a runed translucent gate.
  4316 | D:6      | Noticed Gelos's ghost (novice GnWn)
  4342 | D:6      | Reached XP level 9. HP: 81/88 MP: 8/8
  4788 | D:7      | Reached skill level 1 in Invocations
  4954 | D:7      | Identified the +10 whip of Putrescence {freeze, Fly Will+++
                  | Str-4 Dex-5}
  5261 | D:4      | Noticed Sigmund
  5279 | D:4      | Killed Sigmund
  5789 | D:7      | Found a staircase to the Ecumenical Temple.
  5791 | D:7      | Noticed Joseph
  6319 | D:7      | Killed Joseph
  6538 | D:8      | Found a glowing golden altar of the Shining One.
  6749 | D:8      | Reached skill level 7 in Unarmed Combat
  6846 | D:8      | Reached * piety under Makhleb
  6847 | D:8      | Reached XP level 10. HP: 95/98 MP: 11/11
  6989 | D:8      | Found a bloodstained altar of Trog.
  7142 | D:8      | Noticed a two-headed ogre
  7179 | D:8      | Killed a two-headed ogre
  7802 | D:9      | Found a transporter.
  7802 | D:9      | Noticed a red ugly thing
  7807 | D:9      | Found a broken altar of Ashenzari.
  7808 | D:9      | Found a transporter.
  7808 | D:9      | Noticed a fire crab
  7809 | D:9      | Found a sparkling altar of Nemelex Xobeh.
  7811 | D:9      | Noticed a boulder beetle
  7877 | D:9      | Noticed a two-headed ogre
  7897 | D:9      | Killed a two-headed ogre
  8104 | D:9      | Noticed an elephant
  8130 | D:9      | Killed an elephant
  8131 | D:9      | Reached skill level 8 in Unarmed Combat
  8169 | D:9      | Found a staircase to the Lair.
  8207 | D:9      | Reached ** piety under Makhleb
  8972 | D:10     | Entered Level 10 of the Dungeon
  9022 | D:9      | Reached XP level 11. HP: 32/109 MP: 13/13
  9125 | D:10     | Reached skill level 5 in Invocations
  9137 | D:10     | Noticed a two-headed ogre
  9150 | D:10     | Killed a two-headed ogre
  9150 | D:10     | Reached *** piety under Makhleb
  9746 | D:11     | Found Qedaw's Jewellery Boutique.
  9832 | D:11     | Found a gate leading to a gauntlet.
 10036 | Gauntlet | Entered a Gauntlet
 10036 | Gauntlet | Found a transporter.
 10036 | Gauntlet | Found a transporter.
 10047 | Gauntlet | Found a transporter.
 10049 | Gauntlet | Found a transporter.
 10060 | Gauntlet | Found a transporter.
 10064 | Gauntlet | Found a runed translucent door.
 10064 | Gauntlet | Found a runed translucent door.
 10065 | Gauntlet | Found a transporter.
 10068 | Gauntlet | Found a transporter.
 10069 | Gauntlet | Noticed a green death
 10086 | Gauntlet | Found a transporter.
 10095 | Gauntlet | Noticed a thrashing horror
 10103 | Gauntlet | Found a transporter.
 10106 | Gauntlet | Found a transporter.
 10116 | Gauntlet | Found a transporter.
 10119 | Gauntlet | Found a transporter.
 10158 | Gauntlet | Noticed a necromancer
 10363 | Gauntlet | Killed a necromancer
 10415 | Gauntlet | Identified the ring of Midsummer {rF- rC+ Int+3 Slay+3
                  | SInv}
 10442 | Gauntlet | Killed a green death
 10443 | Gauntlet | Reached skill level 9 in Unarmed Combat
 10445 | Gauntlet | Identified the +6 scimitar of Kairahoz {vamp, rF- rN+
                  | Int+2}
 10449 | Gauntlet | Identified the ring of Pysorut {Fly Str+3 Int+4}
 10524 | Gauntlet | Identified the +0 tower shield of the Slightly Bent {rF-
                  | rN+ Str+2}
 10524 | Gauntlet | Noticed a minotaur
 10578 | Gauntlet | Hit by a silver javelin thrown by a minotaur

Illustrated notes

Levels and vault maps discovered:
D:1:      minmay_arrival_shoal_huts, layout_rooms, serial_co_window_serial,
          co_window_paths_a, co_window_paths_b, co_window_paths_a,
          co_window_corner_a, co_window_paths_a, co_window_unsneaky_path_b,
          co_window_broadway_b, co_window_unsneaky_path_a, co_window_2corner,
          co_window_2corner, co_window_unsneaky_path_c,
          co_window_unsneaky_path_b, glass_columns_a, glass_columns_a,
          glass_columns_c, glass_columns_b, chequers_hall_statues_corner_a
D:2:      layout_rooms, hellmonk_ecumenical_altar_lost_god, uniq_jessica
D:3:      layout_rooms, uniq_crazy_yiuf_cottage
D:4:      layout_basic, slow_altar_2, tgw_sif, uniq_sigmund, uniq_eustachio
D:5:      layout_rooms, serial_shops, shop, gup_sewer_entry_glass,
          nicolae_shop_fire_sale [nicolae_sub_dead_trees], uniq_grinder
D:6:      layout_basic, fedhas_ov_isle_minmay,
          mainiacjoe_overflow_six_doors_small, bloody_makhleb,
          lemuel_tele_altar, ebering_ghost_rock_garden, nrook_campfire,
          minmay_fractal_squares_5
D:7:      layout_basic, minmay_temple_entry_mist, serial_curves, eino_curves_01,
          eino_curves_02, eino_curves_01, uniq_joseph
D:8:      layout_gridville, kennysheep_mini, nicolae_tso_besieged_by_evil,
          mumra_transporter_accident
D:9:      layout_loops_ring, gammafunk_temple_overflow_arena, david_lair_generic
D:10:     layout_rooms
D:11:     layout_roguey, gauntlet_entry_generic, serial_shops, shop,
          nicolae_take_the_stairs
Gauntlet: minmay_gauntlet_mixed_big_or_small [gammafunk_gauntlet_arena_chambers,
          minmay_gauntlet_arena_77_mess, gammafunk_gauntlet_arena_mazey,
          minmay_gauntlet_arena_77_two_lines,
          gammafunk_gauntlet_arena_split_diamond,
          minmay_gauntlet_arena_77_shame_cube,
          nicolae_gauntlet_exit_dead_adventurers]

Skill      XL: |  1  2  3  4  5  6  7  8  9 10 11 |
---------------+----------------------------------+-----
Shields        | 3 4 5 6 7 8 |  8.5
Fighting       | 3 4 5 6 7 |  7.7
Dodging        | 3 4 5 6 7 |  7.8
Unarmed Combat | 3 4 5 6 7 8 9 |  9.0
Invocations    | 3 4 5 |  5.8

Action                   |  1- 3 |  4- 6 |  7- 9 | 10-12 || total
-------------------------+-------+-------+-------+-------++-------
Melee: Unarmed           |    68 |   119 |   404 |   299 ||   890
       Whip              |       |       |     1 |       ||     1
Throw: Stone             |       |    19 |     3 |     4 ||    26
       Dart              |       |       |       |     9 ||     9
       Boomerang         |       |       |       |     1 ||     1
Invok: Minor Destruction |       |       |       |    49 ||    49
       Lesser Servant of |       |       |       |     2 ||     2
Evoke: Box of beasts     |       |       |     1 |     1 ||     2
  Use: Scroll            |       |       |     9 |     5 ||    14
       Potion            |       |       |     1 |     1 ||     2
Armor: Robe              |    32 |    32 |   171 |    84 ||   319
Dodge: Dodged            |    16 |    53 |   193 |   139 ||   401
Block: Kite shield       |    20 |    44 |   193 |   182 ||   439

Table legend: (Time is in decaauts)
 A = Elapsed time spent in this place.
 B = Non-inter-level travel time spent in this place.
 C = Inter-level travel time spent in this place.
 D = Time resting spent in this place.
 E = Time spent auto-exploring this place.
 F = Levels seen in this place.
 G = Mean time per level.
                   A        B        C        D        E       F      G
               +--------+--------+--------+--------+--------+-----+--------+
         Total |  10715 |  10143 |    572 |    448 |   6843 |  13 |  824.2 |
       Dungeon |   9546 |   8974 |    572 |    360 |   6266 |  11 |  867.8 |
         Sewer |    633 |    633 |      0 |      0 |    387 |   1 |  633.0 |
      Gauntlet |    535 |    535 |      0 |     88 |    189 |   1 |  535.0 |
               +--------+--------+--------+--------+--------+-----+--------+

Top non-repeatable levels by time:
     D:7: 1450 daAuts
     D:8: 1178 daAuts
     D:9: 1169 daAuts
     D:4: 1132 daAuts
     D:1: 1039 daAuts
     D:6: 904 daAuts
     D:5: 668 daAuts
   Sewer: 633 daAuts
    D:10: 568 daAuts
Gauntlet: 535 daAuts
     D:2: 523 daAuts
     D:3: 509 daAuts
    D:11: 402 daAuts
